 Dungeon Crawl Stone Soup version 0.31.0-32-g396128a36d (webtiles) character file.

Game seed: 6723971130003102593

3539045 firemarshallily the Intangible (level 27, 175/179 HPs)
             Began as a Tengu Hunter on Mar 19, 2024.
             Was the Champion of Hepliaklqana.
             Escaped with the Orb
             ... and 5 runes on Mar 21, 2024!
             The game lasted 04:15:59 (60307 turns).

firemarshallily the Intangible (Tengu Hunter)      Turns: 60307, Time: 04:15:59

Health: 175/179    AC: 18    Str: 15    XL:     27
Magic:  42/50      EV: 52    Int: 20    God:    Hepliaklqana [******]
Gold:   4803       SH:  5    Dex: 36    Spells: 26/26 levels left

rFire   + . .        G - +9 longbow (flame)
rCold   + + .        (shield currently unavailable)
rNeg    + . .        M - +5 moon troll leather armour {Spirit, Regen++ MP+5}
rPois   +            n - +1 hat of the New World {Dex+3 Slay+3}
rElec   +            R - +2 cloak {rPois}
rCorr   .            c - +2 pair of gloves
SInv    .            (boots unavailable)
Will    ++...        P - amulet of Ischubaq {Reflect rC+ Str+4 SH+5}
Stlth   +            Q - ring of Nobility {rC+ Str-5 Int+8 Dex+6}
HPRegen 2.09/turn    C - ring of Qimeut {rElec rF+ rN+ MP+9 Int-2}
MPRegen 0.32/turn

%: reflection, acrobat, guardian spirit
@: flying, studying 2 skills
A: reduced essence, beak, talons 3, evasive flight, acrobatic, clever 1, strong
1, MP-powered wands, noise suppression
0: Orb of Zot
}: 5/15 runes: barnacled, slimy, silver, abyssal, gossamer
a: Renounce Religion, Recall Ancestor, Ancestor Identity, Transference, Idealise


You escaped.
You worshipped Hepliaklqana.
Hepliaklqana was exalted by your worship.
You visited 11 branches of the dungeon, and saw 53 of its levels.
You visited the Abyss 2 times.
You visited 1 bazaar.
You also visited: Trove, Sewer, Bailey, Gauntlet and Ice Cave.

You collected 8673 gold pieces.
You spent 3870 gold pieces at shops.

Inventory:

Hand Weapons
 x - a +7 quick blade of draining
 G - a +9 longbow of flaming (weapon)
Missiles
 f - 2 throwing nets
 j - 12 curare-tipped darts
Armour
 c - a +2 pair of gloves (worn)
 m - a +3 leather armour of fire resistance
 n - the +1 hat of the New World (worn) {Dex+3 Slay+3}
   (You found it on level 4 of the Spider Nest)

   Dex+3:     It affects your dexterity (+3).
   Slay+3:    It affects your accuracy & damage with ranged weapons and melee
   (+3).
 M - the +5 moon troll leather armour (worn) {Spirit, Regen++ MP+5}
   (You found it on level 5 of the Vaults)

   MP+5:      It affects your magic capacity (+5).
   Regen++:   It increases your rate of health regeneration.
 R - a +2 cloak of poison resistance (worn)
Jewellery
 a - a +6 ring of dexterity
 i - a ring of fire
 o - the ring of Tiutah {Ice *Slow Fly rElec Dex+4}
   (You found it on level 5 of the Lair of Beasts)

   [ring of ice]

   Ice:       It enhances your ice magic.
   Dex+4:     It affects your dexterity (+4).
   rF-:       It makes you vulnerable to fire.
   rC+:       It protects you from cold.
   rElec:     It insulates you from electricity.
   Fly:       It grants you flight.
   *Slow:     It may slow you when you take damage.
 A - the ring "Ulanwy Tocse" {rN+ Int+3}
   (You found it on level 5 of the Pits of Slime)

   [ring of positive energy]

   Int+3:     It affects your intelligence (+3).
   rN+:       It protects you from negative energy.
 B - a ring of see invisible
 C - the ring of Qimeut (right hand) {rElec rF+ rN+ MP+9 Int-2}
   (You took it off a fire giant on level 5 of the Vaults)

   [ring of magical power]

   Int-2:     It affects your intelligence (-2).
   rF+:       It protects you from fire.
   rElec:     It insulates you from electricity.
   rN+:       It protects you from negative energy.
   MP+9:      It affects your magic capacity (+9).
 L - the ring of Qamnaefa {Fire ^Drain Str+5 Slay+4}
   (You took it off a deep elf annihilator on level 5 of the Vaults)

   [ring of fire]

   Fire:      It enhances your fire magic.
   Str+5:     It affects your strength (+5).
   Slay+4:    It affects your accuracy & damage with ranged weapons and melee
   (+4).
   rF+:       It protects you from fire.
   rC-:       It makes you vulnerable to cold.
   ^Drain:    It drains your maximum health when unequipped.
 O - a ring of protection from cold
 P - the amulet of Ischubaq (around neck) {Reflect rC+ Str+4 SH+5}
   (You acquired it on level 1 of the Lair of Beasts)

   [amulet of reflection]

   Reflect:   It reflects blocked missile attacks.
   Str+4:     It affects your strength (+4).
   rC+:       It protects you from cold.
   SH+5:      It affects your SH (+5).
 Q - the ring of Nobility (left hand) {rC+ Str-5 Int+8 Dex+6}
   (You found it in a Gauntlet)

   [ring of dexterity]

   Str-5:     It affects your strength (-5).
   Int+8:     It affects your intelligence (+8).
   Dex+6:     It affects your dexterity (+6).
   rC+:       It protects you from cold.
Wands
 l - a wand of polymorph (46)
 v - a wand of digging (18)
 K - a wand of paralysis (61)
Scrolls
 b - 6 scrolls of butterflies
 d - 10 scrolls of torment
 g - 17 scrolls of vulnerability
 y - 17 scrolls of fear
 E - 21 scrolls of teleportation
 F - 3 scrolls of revelation
 H - 6 scrolls of blinking
 J - 3 scrolls of poison
 V - 10 scrolls of immolation
 X - 2 scrolls of silence
 Z - 8 scrolls of fog
Potions
 e - 10 potions of mutation
 h - 4 potions of magic
 k - 7 potions of attraction
 p - 8 potions of might
 s - 11 potions of ambrosia
 t - 3 potions of heal wounds
 w - 4 potions of haste
 z - 7 potions of berserk rage
 D - 20 potions of curing
 I - 7 potions of cancellation
 N - 9 potions of lignification
 T - 5 potions of invisibility
Miscellaneous
 q - a lightning rod (4/4)
 r - a phantom mirror
 S - a sack of spiders
 U - a phial of floods
 Y - a condenser vane


   Skills:
 O Level 27 Fighting
 O Level 27 Ranged Weapons
 + Level 17.4 Armour
 O Level 27 Dodging
 - Level 1.0 Stealth
 * Level 17.8 Invocations
 - Level 7.5 Evocations


You had 26 spell levels left.
You didn't know any spells.
Your spell library contained the following spells:

 Spells                   Type           Power      Damage    Failure   Level
 Apportation              Tloc           0%         N/A       22%         1
 Freeze                   Ice            0%         1d3       22%         1
 Kiss of Death            Conj/Necr      0%         2d5       22%         1
 Magic Dart               Conj           0%         1d3       22%         1
 Necrotise                Necr           0%         1d4       22%         1
 Sandblast                Erth           0%         2d4       22%         1
 Shock                    Conj/Air       0%         1d3       22%         1
 Slow                     Hex            0%         N/A       22%         1
 Summon Small Mammal      Summ           0%         N/A       22%         1
 Call Imp                 Summ           0%         N/A       32%         2
 Ensorcelled Hibernation  Hex/Ice        0%         N/A       32%         2
 Jinxbite                 Hex            0%         N/A       32%         2
 Momentum Strike          Conj/Tloc      0%         3d8       32%         2
 Searing Ray              Conj           0%         2d4       32%         2
 Static Discharge         Conj/Air       0%         3-3/arc   32%         2
 Sublimation of Blood     Necr           0%         N/A       32%         2
 Call Canine Familiar     Summ           0%         N/A       54%         3
 Confusing Touch          Hex            0%         N/A       54%         3
 Dazzling Flash           Conj/Hex       0%         N/A       54%         3
 Frozen Ramparts          Ice            0%         1d1       54%         3
 Hailstorm                Conj/Ice       0%         3d5       54%         3
 Inner Flame              Hex/Fire       0%         N/A       54%         3
 Ozocubu's Armour         Ice            0%         N/A       54%         3
 Passwall                 Erth           0%         N/A       54%         3
 Sigil of Binding         Hex            0%         N/A       54%         3
 Stone Arrow              Conj/Erth      0%         3d7       54%         3
 Summon Ice Beast         Ice/Summ       0%         N/A       54%         3
 Swiftness                Air            0%         N/A       54%         3
 Vampiric Draining        Necr           0%         2d6       54%         3
 Volatile Blastmotes      Fire/Tloc      0%         2d10      54%         3
 Airstrike                Air            0%         2d(0-16)  91%         4
 Anguish                  Hex/Necr       0%         N/A       91%         4
 Animate Dead             Necr           0%         N/A       91%         4
 Cause Fear               Hex            0%         N/A       91%         4
 Dispel Undead            Necr           0%         3d6       91%         4
 Ignite Poison            Fire/Alch      0%         N/A       91%         4
 Leda's Liquefaction      Alch/Erth      0%         N/A       91%         4
 Martyr's Knell           Necr/Summ      0%         N/A       91%         4
 Passage of Golubria      Tloc           0%         N/A       91%         4
 Petrify                  Alch/Erth      0%         N/A       91%         4
 Sticky Flame             Fire/Alch      0%         2d4       91%         4
 Summon Blazeheart Golem  Fire/Summ      0%         N/A       91%         4
 Summon Lightning Spire   Summ/Air       0%         N/A       91%         4
 Vhi's Electric Charge    Tloc/Air       0%         N/A       91%         4
 Alistair's Intoxication  Alch           0%         N/A       99%         5
 Arcjolt                  Conj/Air       0%         1d10      99%         5
 Borgnjor's Vile Clutch   Necr/Erth      0%         N/A       99%         5
 Curse of Agony           Necr           0%         N/A       99%         5
 Fireball                 Conj/Fire      0%         3d3       99%         5
 Irradiate                Conj/Alch      0%         3d11      99%         5
 Lee's Rapid Deconstruct  Erth           0%         3d4*      99%         5
 Metabolic Englaciation   Hex/Ice        0%         N/A       99%         5
 Silence                  Hex/Air        0%         N/A       99%         5
 Bombard                  Conj/Erth      0%         9d1       100%        6
 Conjure Ball Lightning   Conj/Air       0%         3x3d6     100%        6
 Eringya's Noxious Bog    Alch           0%         4d6       100%        6
 Sculpt Simulacrum        Ice/Alch       0%         N/A       100%        6
 Starburst                Conj/Fire      0%         6d3       100%        6
 Enfeeble                 Hex            0%         N/A       100%        7
 Haunt                    Necr/Summ      0%         N/A       100%        7
 Malign Gateway           Summ/Tloc      0%         N/A       100%        7
 Orb of Destruction       Conj           0%         9d5       100%        7
 Ozocubu's Refrigeration  Ice            0%         4d7       100%        7
 Spellforged Servitor     Conj/Summ      0%         N/A       100%        7
 Summon Hydra             Summ           0%         N/A       100%        7
 Ignition                 Fire           0%         3d3       100%        8
 Infestation              Necr           0%         N/A       100%        8
 Lehudib's Crystal Spear  Conj/Erth      0%         10d2      100%        8
 Maxwell's Capacitive Co  Air            0%         ∞         100%        8
 Summon Horrible Things   Summ           0%         N/A       100%        8
 Dragon's Call            Summ           0%         N/A       100%        9
 Fire Storm               Conj/Fire      0%         5d1       100%        9
 Polar Vortex             Ice            0%         N/A       100%        9


Dungeon Overview and Level Annotations

Branches:
Dungeon (15/15)            Temple (1/1) D:7            Lair (5/5) D:10
 Shoals (4/4) Lair:2       Spider (4/4) Lair:3        Slime (5/5) Lair:4
    Orc (2/2) D:12            Elf (3/3) Orc:2        Vaults (5/5) D:14
  Crypt (0/3) Vaults:2     Depths (4/4) D:15            Zot (5/5) Depths:4
  Sewer (visited)          Bailey (visited)           IceCv (visited)
Gauntlet (visited)

Altars:
Ashenzari
Cheibriados
Dithmenos
Elyvilon
Fedhas
Gozag
Hepliaklqana
Kikubaaqudgha
Makhleb
Nemelex Xobeh
Okawaru
Qazlal
Ru
Sif Muna
Trog
Uskayaw
Vehumet
Wu Jian
Xom
Yredelemnul
Zin
The Shining One
Jiyva

Shops:
D:4 *   D:5 :   D:14 (   Orc:1 **[   Orc:2 (:*   Elf:1 *   Vaults:2 :!!*
Depths:2 ==:

Portals:
Hell: Depths:1 Depths:2 Depths:3 Depths:4
Abyss: Depths:2
Pandemonium: Depths:2 Depths:3
Ziggurat: Depths:2

Annotations:
Vaults:3 1 exclusion
Depths:3 4 transporters


Innate Abilities, Weirdness & Mutations

Your life essence is reduced to manifest your ancestor. (-10% HP)
You have a beak for a mouth.
You have claws for feet.
Your magical flight helps you evade attacks. (EV +4)
You can magically evade attacks while moving or waiting.
Your mind is acute. (Int +4, Str/Dex -1)
Your muscles are strong. (Str +4, Int/Dex -1)
You expend magic power (3 MP) to strengthen your wands.
You passively dampen the noise of your surroundings.


Message History

The hell hog is moderately wounded.
The hell hog breathes fire at you.
The fireball explodes!
The fireball engulfs Maria!
Maria resists.
The fireball engulfs the hell hog.
The hell hog completely resists.
Maria hits the hell hog with a +0 broad axe of speed!
Maria barely misses something.
The hell hog completely misses you.
The fireball explodes!
The fireball engulfs Maria!
Maria resists.
The fireball engulfs the hell hog.
The hell hog completely resists.
You shoot an arrow. The arrow hits the hell hog!
The hell hog is moderately wounded.
Maria blocks the hell hog's attack.
Maria hits the hell hog with a +0 broad axe of speed!
Maria closely misses something.
The hell hog completely misses you.
Maria blocks something's attack.
Maria blocks the hell hog's attack.
Maria barely misses the hell hog.
Maria closely misses something.
You shoot an arrow. The arrow hits the hell hog!
The hell hog is heavily wounded.
The hell hog breathes fire at you.
The fireball explodes!
The fireball engulfs you! You resist.
The fireball engulfs the hell hog.
The hell hog completely resists.
Maria blocks something's attack.
Maria blocks the hell hog's attack.
You shoot an arrow. The arrow hits the hell hog.
The hell hog is severely wounded.
The hell hog completely misses you.
Unknown command.
You shoot an arrow. The arrow hits the hell hog!!!
You kill the hell hog!
Maria hits the hell hog with a +0 broad axe of speed!!
You shoot an arrow. Maria avoids your attack.
The arrow barely misses the hell hog.
The arrow hits the hell hog!
You kill the hell hog!
Maria blocks the hell hog's attack.
Maria hits the hell hog with a +0 broad axe of speed!!
The hell hog dies!
No target in view!
There is a staircase leading out of the dungeon here.
Maria is recalled.
You have escaped!

.######..#........# ### #.
.# ##.#.#.####.# #. .#
#[#.#># #.#### #. .#
#.#.#.####....## #. .#
#.#.#..........# #. .#
#.#.#..#####...# ########
.# #.#...#.....#..##
#......( .#
#.#..#.......#..###.#####.
.# #...#....@....#..##.#
##.# .#
#.#..#...R...#..###.# #.##
## #.##..#.....#..## #.#
##.#
#######[##...#####..##
#.#####.
##.P~P.PP.P.#.......##
#.......
.PPPP~P♣~~P.#.##.####
##.#####
P~♣≈♣♣~~~P~.#.†R.# #......
~♣≈♣~.PPP~#.#†#### #.###.#
≈♣~P.~....h.....# #.....#


You could see the friendly Maria the knight (fast, reflecting).

Vanquished Creatures
  the Royal Jelly (Slime:5)
  Dissolution (Slime:4)
  A dread lich (Zot:5)
  The ghost of Mikey69 the Conqueror, a legendary DsBe of Trog (Zot:1)
  5 orbs of fire
  Mara (Shoals:3)
  An ancient lich (Zot:5)
  Bai Suzhen (Shoals:3)
  Margery (Vaults:2)
  3 Killer Klowns
  Parghit (Depths:4)
  2 curse toes (Zot:5)
  7 golden dragons
  3 hellephants
  5 electric golems
  15 tentacled monstrosities
  Mlioglotl (Shoals:3)
  The ghost of Lianjan the Warrior, an adept MiGl of Gozag (Shoals:3)
  The ghost of royokou the Scorcher, an adept GrEE of Vehumet (Shoals:3)
  2 Ice Fiends
  18 Orb Guardians
  Asterion (Elf:1)
  8 quicksilver dragons
  5 titans
  3 liches
  22 acid blobs
  2 deep elf blademasters (Elf:3)
  2 deep elf master archers (Elf:3)
  A walking frostbound tome (Depths:1)
  4 sphinxes
  10 death cobs
  Polyphemus (Shoals:3)
  A tentacled starspawn (Abyss:4)
  Agnes (Elf:1)
  2 tengu reavers (Vaults:5)
  11 shadow dragons
  3 daevas
  10 storm dragons
  Aizul (Shoals:3)
  14 azure jellies
  Donald (Shoals:3)
  2 draconian monks
  14 rockslimes
  7 protean progenitors
  4 emperor scorpions
  3 deep elf sorcerers
  An iron dragon (Depths:4)
  6 fire giants
  3 draconian knights
  5 draconian shifters
  4 spectral caustic shrikes (Depths:3)
  5 frost giants
  14 vault wardens
  4 draconian scorchers
  5 deep elf elementalists (Elf:3)
  A reaper (Abyss:4)
  6 ghost moths
  2 cacodemons
  An orc warlord (Vaults:2)
  5 draconian stormcallers
  3 draconian annihilators
  15 quicksilver oozes
  3 spriggan defenders
  11 very ugly things
  4 formless jellyfish
  3 stone giants
  16 ironbound preservers
  5 ironbound thunderhulks
  8 deep elf demonologists
  10 black draconians
  4 deep elf death magi
  5 green draconians
  3 vampire knights
  8 purple draconians
  5 yellow draconians
  6 white draconians
  3 minotaurs
  A broodmother (Spider:4)
  The ghost of mainiacjoe the Basher, a journeyman DjRe of Hepliaklqana (Lair:3)
  6 spark wasps
  10 deep elf annihilators
  7 dire elephants
  A starcursed mass (Abyss:3)
  4 war gargoyles (Vaults:5)
  7 red draconians
  A lorocyproca (D:4)
  A green death (Abyss:4)
  10 merfolk impalers
  3 fire dragons
  9 ettins
  6 merfolk javelineers
  A shambling mangrove (Abyss:4)
  11 yaktaur captains
  7 entropy weavers
  An entropy weaver (shapeshifter) (D:13)
  6 ice dragons
  4 deep elf high priests
  6 great orbs of eyes
  3 rakshasas
  A hell beast (Zot:4)
  6 hydras
  23 vault guards
  4 spriggan air magi
  2 ghost crabs (Abyss:4)
  6 merfolk avatars
  4 radroaches
  A catoblepas (Shoals:3)
  10 centaur warriors
  5 ironbound frosthearts
  3 alligator snapping turtles
  An ogre mage (Vaults:2)
  2 jorogumos (Spider:4)
  8 boulder beetles
  5 merfolk aquamancers
  A satyr (Shoals:3)
  6 two-headed ogres
  4 deep troll shamans (Depths:1)
  4 deep troll earth magi
  4 tengu warriors
  2 death yaks (Shoals:3)
  6 demonic crawlers
  9 hell hogs
  21 dancing weapons
  An occultist (D:15)
  3 orc high priests
  2 spriggan berserkers
  2 vampire magi (Vaults:2)
  A soul eater (Depths:3)
  2 hell knights
  2 wretched stars (Abyss:2)
  A sun demon (Abyss:2)
  13 deep elf knights
  6 sixfirhies
  2 fire crabs
  2 skysharks (shapeshifter)
  6 skysharks
  2 goliath frogs (Lair:5)
  4 iron trolls (Depths:1)
  5 skeletal warriors
  7 pharaoh ants
  A swamp dragon (shapeshifter) (Vaults:5)
  A shadow wraith (Vaults:2)
  A death drake (Gauntlet)
  A mana viper (shapeshifter) (Vaults:5)
  9 sea snakes
  8 deep elf archers
  3 sun moths
  4 glowing orange brains
  6 spriggan simulacra (IceCv)
  A deep troll (shapeshifter) (D:14)
  7 orb spiders
  30 deep trolls
  6 lindwurms
  An obsidian statue (IceCv)
  A bog body (IceCv)
  3 arcanists (Vaults:4)
  A spectral wolf spider (Gauntlet)
  A phantasmal warrior (Vaults:5)
  5 orc knights (Orc:2)
  20 harpies
  26 deep elf zephyrmancers
  A wolf spider zombie (D:15)
  3 necromancers
  Pikel (D:9)
  4 steelbarb worms
  15 ironbound convokers
  34 deep elf pyromancers
  4 cyclopes
  10 shining eyes
  18 ugly things
  15 wolf spiders
  7 orc sorcerers
  19 manticores
  Maurice (Orc:1)
  4 large abominations
  9 meliai
  A worldbinder (Abyss:2)
  A spectral centaur (Gauntlet)
  A black mamba (shapeshifter) (Elf:2)
  28 moths of wrath
  5 fauns
  14 vault sentinels
  A centaur zombie (D:15)
  11 elephants
  4 torpor snails
  9 black mambas
  16 merfolk sirens
  An apocalypse crab (Abyss:4)
  2 eyes of devastation
  An eye of devastation (shapeshifter) (Depths:4)
  2 hellions
  A smoke demon (Abyss:4)
  2 kobold blastminers (Orc:1)
  10 komodo dragons
  2 gargoyles (D:12)
  14 cane toads
  8 water nymphs
  5 rime drakes
  An orange demon (Zot:3)
  A centaur skeleton (D:15)
  4 unseen horrors
  3 freezing wraiths
  5 ancient zymes
  3 efreet
  A redback zombie (Gauntlet)
  7 kobold demonologists
  16 yaktaurs
  2 anaconda simulacra
  A tengu conjurer (D:15)
  5 ice devils (IceCv)
  9 trolls
  3 hellwings
  A harpy zombie (D:15)
  3 polar bears (Lair:5)
  Prince Ribbit (D:5)
  3 tyrant leeches (Lair:5)
  21 merfolk
  7 alligator simulacra
  A merfolk (shapeshifter) (Vaults:5)
  21 tarantellas
  9 hornets
  13 blink frogs (Lair:5)
  4 wind drakes
  Grinder (D:5)
  18 dream sheep
  5 glass eyes
  3 raiju
  8 snapping turtles
  15 culicivoras
  26 jumping spiders
  117 slime creatures
  2 spriggans (Depths:2)
  An air elemental (Elf:2)
  4 small abominations (Depths:2)
  28 water elementals
  2 shadows
  4 dire elephant simulacra
  A wraith (D:9)
  3 ynoxinuls
  10 basilisks
  78 yaks
  4 fire bats (Abyss:2)
  A neqoxec (Abyss:4)
  12 wargs
  4 wyverns
  9 fire elementals
  2 golden eyes (Slime:2)
  10 vampire mosquitoes
  8 minotaur simulacra
  33 redbacks
  Edmund (D:5)
  4 chaos spawn (Depths:2)
  3 acid dragons
  A hydra simulacrum (IceCv)
  19 water moccasins
  3 hell hounds
  35 orc warriors
  2 black bears
  2 ice beasts
  2 laughing skulls
  7 boggarts
  9 ogres
  4 wolves (Lair:2)
  14 centaurs
  3 lemures (D:9)
  10 kobold brigands
  18 bullfrogs
  A gnoll sergeant (D:10)
  An earth elemental (Elf:2)
  2 scorpions
  10 wights
  11 deep troll simulacra (IceCv)
  18 killer bees
  3 howler monkeys
  5 electric eels
  A lava snake (D:12)
  A quasit (Abyss:2)
  6 orc priests
  5 hounds
  7 jellies
  9 iguanas
  18 orc wizards
  8 hell rats
  Robin (D:3)
  12 gnolls
  9 adders
  3 river rats (Sewer)
  A white imp (D:5)
  4 ufetubi
  A dart slug (D:3)
  7 ribbon worms
  76 orcs
  13 ball pythons
  3 bats
  11 endoplasms
  6 giant cockroaches
  16 goblins
  20 hobgoblins
  2 jackals (D:1)
  11 quokkas
  3 frilled lizards
  32 kobolds
  2 rats (Sewer)
  2 aspiring fleshes (Zot:1)
  A starspawn tentacle (Abyss:4)
  2 tentacles
2139 creatures vanquished.

Vanquished Creatures (collateral kills)
  An orb of fire (Zot:5)
  A juggernaut (Depths:4)
  2 Killer Klowns
  A curse toe (Zot:2)
  3 golden dragons
  Nikola (Spider:4)
  4 tentacled monstrosities
  9 Orb Guardians
  A quicksilver dragon (Zot:2)
  A deep elf blademaster (Elf:2)
  2 sphinxes
  A tentacled starspawn (Abyss:2)
  A death cob (Zot:1)
  2 krakens
  5 acid blobs
  6 shadow dragons
  4 storm dragons
  2 azure jellies
  3 tengu reavers
  A protean progenitor (Zot:5)
  A draconian knight (Zot:4)
  3 draconian monks
  6 rockslimes
  An emperor scorpion (Spider:3)
  An iron dragon (Depths:3)
  A draconian scorcher (Zot:5)
  2 frost giants
  A draconian shifter (Zot:4)
  A ghost moth (Spider:4)
  An angel (Vaults:1)
  A spectral caustic shrike (Depths:3)
  3 vault wardens
  A cacodemon (D:7)
  3 draconian annihilators
  2 draconian stormcallers
  5 broodmothers (Spider:4)
  3 ironbound preservers
  A quicksilver ooze (Slime:5)
  6 very ugly things
  6 green draconians
  3 stone giants
  2 deep elf demonologists (Elf:3)
  2 deep elf annihilators (Elf:3)
  4 black draconians
  4 deep elf death magi
  A lorocyproca (Zot:4)
  6 red draconians
  4 white draconians
  2 dire elephants
  A war gargoyle (Vaults:5)
  2 yellow draconians (Zot:1)
  2 purple draconians (Zot:4)
  A merfolk impaler (Shoals:3)
  2 ettins
  4 yaktaur captains
  4 great orbs of eyes
  6 vault guards
  3 hydras
  2 ironbound frosthearts (Vaults:2)
  2 jorogumos (Spider:4)
  A catoblepas (Lair:5)
  2 ice dragons
  Erica (Orc:1)
  An alligator snapping turtle (Shoals:4)
  4 radroaches
  An alligator (shapeshifter) (Vaults:5)
  A boulder beetle (D:11)
  A death yak (Shoals:3)
  A merfolk aquamancer (Shoals:4)
  A merfolk avatar (Shoals:2)
  A tengu warrior (Depths:3)
  3 hell hogs
  A spriggan berserker (Depths:2)
  2 hell knights (Vaults:2)
  2 deep elf knights (Elf:1)
  2 fire crabs
  A skeletal warrior (D:15)
  3 pharaoh ants
  7 deep trolls
  A glowing orange brain (Depths:2)
  3 sea snakes
  2 orb spiders (Spider:4)
  3 large abominations (Abyss:2)
  A deep elf archer (Elf:1)
  3 harpies
  3 deep elf zephyrmancers
  A lindwurm (Vaults:4)
  A phantasmal warrior (Vaults:5)
  2 deep elf pyromancers
  2 steelbarb worms
  4 wolf spiders
  5 ugly things
  2 cyclopes
  An orc sorcerer (Elf:2)
  A shining eye (Zot:1)
  2 manticores
  4 moths of wrath
  3 vault sentinels
  3 elephants
  30 slime creatures
  A black mamba (Lair:1)
  A smoke demon (Abyss:2)
  3 eyes of devastation
  A cane toad (Lair:5)
  3 ice devils (IceCv)
  2 komodo dragons (Lair:2)
  6 yaktaurs
  3 freezing wraiths
  5 merfolk
  A hornet (Depths:4)
  A troll (D:12)
  4 tarantellas
  A glass eye (Slime:2)
  3 wind drakes
  A snapping turtle (Shoals:2)
  2 raiju (Abyss:4)
  3 dream sheep
  A jumping spider (Spider:4)
  A centaur simulacrum (D:15)
  4 culicivoras
  3 spriggans
  2 basilisks (Lair:2)
  A water elemental (Shoals:4)
  A minotaur simulacrum (Spider:2)
  10 yaks
  A dire elephant simulacrum (IceCv)
  2 golden eyes (Slime:2)
  A chaos spawn (Depths:2)
  7 redbacks
  3 wargs (Orc:2)
  A hell hound (Zot:4)
  5 water moccasins
  A laughing skull (D:15)
  5 orc warriors
  A boggart (Vaults:1)
  A bullfrog (Lair:3)
  An earth elemental (Elf:2)
  2 killer bees
  A jelly (Gauntlet)
  6 orc wizards
  7 orcs
  3 kobolds (D:12)
  A butterfly (Lair:5)
  A tentacle (Abyss:4)
384 creatures vanquished.

Vanquished Creatures (others)
  A fire giant (Depths:4)
  2 green draconians
  A centaur warrior (Vaults:2)
  A deep elf knight (Elf:1)
  A lindwurm (Vaults:2)
  A tarantella (Spider:4)
  A redback (Spider:4)
  28 knights
  4 ancestors
  2 orc wizards (Orc:2)
  3 orcs (Orc:2)
  A lurking horror (Abyss:4)
  4 starspawn tentacles
  9 tentacles
59 creatures vanquished.

Grand Total: 2582 creatures vanquished

Notes
Turn   | Place    | Note
-------+----------+-------------------------------------------
     0 | D:1      | firemarshallily the Tengu Hunter began the quest for the
                  | Orb.
     0 | D:1      | Reached XP level 1. HP: 12/12 MP: 2/2
   123 | D:1      | Found a faded altar of an unknown god.
   164 | D:1      | Reached XP level 2. HP: 17/17 MP: 3/3
   682 | D:1      | Reached XP level 3. HP: 22/22 MP: 1/4
   965 | D:2      | Reached skill level 5 in Ranged Weapons
  1453 | D:2      | Reached XP level 4. HP: 27/27 MP: 1/5
  1815 | D:3      | Noticed Robin
  2040 | D:3      | Killed Robin
  2047 | D:3      | Reached XP level 5. HP: 24/32 MP: 2/6
  2512 | D:4      | Found Ufusm's Assorted Antiques.
  2526 | D:4      | Bought a scroll labelled MUUTHI RYEPARO for 29 gold pieces
  2526 | D:4      | Bought a scroll labelled UKLOAQOVUE for 29 gold pieces
  2526 | D:4      | Bought 3 scrolls labelled CAAD WOSEATEH for 87 gold pieces
  2526 | D:4      | Bought a scroll labelled UKLOAQOVUE for 29 gold pieces
  3156 | D:4      | Reached XP level 6. HP: 31/37 MP: 5/7
  3409 | D:5      | Entered Level 5 of the Dungeon
  3475 | D:5      | Found a glowing drain.
  3494 | Sewer    | Entered a sewer
  4043 | Sewer    | Gained mutation: Your magical flight helps you evade
                  | attacks. (EV +4) [Tengu growth]
  4043 | Sewer    | Reached XP level 7. HP: 21/43 MP: 5/8
  4502 | D:5      | Noticed Grinder
  4510 | D:5      | Killed Grinder
  4511 | D:5      | Reached skill level 5 in Dodging
  4512 | D:5      | Noticed Edmund
  4597 | D:5      | HP: 2/44 [iguana (13)]
  4599 | D:5      | Reached XP level 8. HP: 3/60 MP: 6/9
  4613 | D:5      | Reached XP level 9. HP: 6/65 MP: 6/10
  4857 | D:5      | Reached XP level 10. HP: 63/71 MP: 6/11
  5105 | D:5      | Found Junaasio's Book Shoppe.
  5133 | D:5      | Noticed Prince Ribbit
  5148 | D:5      | Killed Prince Ribbit
  5308 | D:5      | Killed Edmund
  6507 | D:7      | Found a staircase to the Ecumenical Temple.
  6648 | D:7      | Found an iron altar of Okawaru.
  6834 | D:7      | Found a flagged portal.
  6854 | Bailey   | Entered a bailey
  6972 | Bailey   | Noticed a kobold demonologist
  7019 | Bailey   | Killed a kobold demonologist
  7146 | Bailey   | Noticed a kobold demonologist
  7239 | Bailey   | Reached XP level 11. HP: 76/76 MP: 7/12
  7393 | Bailey   | Acquired a +3 longbow of flaming
  7578 | Bailey   | Found an iron altar of Okawaru.
  7705 | Temple   | Entered the Ecumenical Temple
  7712 | Temple   | Became a worshipper of Hepliaklqana the Forgotten
  7892 | D:8      | Noticed a two-headed ogre
  7901 | D:8      | Killed a two-headed ogre
  8524 | D:9      | Noticed Pikel
  8654 | D:9      | Killed Pikel
  8762 | D:9      | Reached * piety under Hepliaklqana
  9221 | D:10     | Entered Level 10 of the Dungeon
  9259 | D:10     | Noticed a two-headed ogre
  9376 | D:10     | Noticed a two-headed ogre
  9485 | D:9      | Killed a two-headed ogre
  9903 | D:10     | Noticed a two-headed ogre
  9984 | D:10     | Found a glowing silver altar of Zin.
  9985 | D:10     | Found an opulent altar of Gozag.
  9985 | D:10     | Found a sparkling altar of Nemelex Xobeh.
  9991 | D:10     | Killed a two-headed ogre
  9992 | D:10     | Reached XP level 12. HP: 61/75 MP: 13/13
 10175 | D:10     | Found a staircase to the Lair.
 10478 | D:10     | Killed a two-headed ogre
 10479 | D:10     | Reached skill level 10 in Dodging
 10800 | D:11     | Reached ** piety under Hepliaklqana
 10811 | D:11     | Remembered your ancestor Maria as a knight
 10858 | D:11     | Noticed a boulder beetle
 10863 | D:11     | Killed a boulder beetle
 10864 | D:11     | Reached skill level 15 in Ranged Weapons
 10917 | D:11     | Noticed a boulder beetle
 10925 | D:11     | Killed a boulder beetle
 11069 | D:11     | Noticed a two-headed ogre
 11073 | D:11     | Killed a two-headed ogre
 11657 | D:12     | Noticed an eight-headed hydra
 11661 | D:12     | Killed an eight-headed hydra
 11668 | D:12     | Reached XP level 13. HP: 81/81 MP: 14/14
 11958 | D:12     | Found a staircase to the Orcish Mines.
 12262 | Lair:1   | Entered Level 1 of the Lair of Beasts
 12263 | Lair:1   | Acquired the amulet of Ischubaq {Reflect rC+ Str+4 SH+5}
 12270 | Lair:1   | Acquired 347 gold pieces
 12448 | D:5      | Bought a manual of Dodging for 1040 gold pieces
 12870 | Lair:1   | Reached *** piety under Hepliaklqana
 13744 | Lair:2   | Reached **** piety under Hepliaklqana
 13884 | Lair:2   | Reached skill level 15 in Fighting
 13888 | Lair:2   | Found a staircase to the Shoals.
 14434 | Lair:3   | Reached XP level 14. HP: 88/88 MP: 15/15
 14458 | Lair:3   | Found a gate leading to a gauntlet.
 14470 | Gauntlet | Entered a Gauntlet
 14470 | Gauntlet | Found a transporter.
 14470 | Gauntlet | Found a transporter.
 14480 | Gauntlet | Found a transporter.
 14484 | Gauntlet | Found a transporter.
 14488 | Gauntlet | Found a runed translucent door.
 14488 | Gauntlet | Found a runed translucent door.
 14495 | Gauntlet | Found a transporter.
 14499 | Gauntlet | Found a transporter.
 14509 | Gauntlet | Found a runed translucent gate.
 14509 | Gauntlet | Found a transporter.
 14510 | Gauntlet | Found a runed translucent gate.
 14511 | Gauntlet | Found a runed translucent gate.
 14525 | Gauntlet | Found a transporter.
 14539 | Gauntlet | Found a transporter.
 14543 | Gauntlet | Found a transporter.
 14551 | Gauntlet | Found a transporter.
 14555 | Gauntlet | Found a transporter.
 14604 | Gauntlet | Identified the ring of Nobility {rC+ Str-5 Int+8 Dex+6}
 14715 | Gauntlet | Identified the +0 pair of gloves of Lethargy {Dex+3}
 14796 | Gauntlet | Reached ***** piety under Hepliaklqana
 14817 | Gauntlet | Identified the staff of Eternal Vigilance {rN+ Necro
                  | Alchemy}
 14911 | Lair:3   | Noticed mainiacjoe's ghost (journeyman DjRe)
 14914 | Lair:3   | Found a runed translucent door.
 15154 | Lair:3   | Found a hole to the Spider Nest.
 15784 | Lair:3   | Killed mainiacjoe's ghost
 15785 | Lair:3   | Reached skill level 15 in Dodging
 16189 | Lair:4   | Found a staircase to the Slime Pits.
 16680 | Lair:5   | Entered Level 5 of the Lair of Beasts
 17063 | Lair:5   | Reached XP level 15. HP: 93/93 MP: 16/16
 17490 | Lair:5   | Identified the ring of Tiutah {Ice *Slow Fly rElec Dex+4}
 17808 | Orc:1    | Entered Level 1 of the Orcish Mines
 17930 | Orc:1    | Found Metiego's Antique Armour Emporium.
 17980 | Orc:2    | Entered Level 2 of the Orcish Mines
 17980 | Orc:2    | Found a staircase to the Elven Halls.
 18814 | Orc:2    | Found Cautan's Weapon Shop.
 18848 | Orc:2    | Found Kedem's Book Boutique.
 18910 | Orc:2    | Found Rog Tol's Assorted Antiques.
 18918 | Orc:2    | Bought a potion of heal wounds for 135 gold pieces
 18918 | Orc:2    | Bought a scroll of fear for 108 gold pieces
 19178 | Orc:1    | Found Jeedizol's General Store.
 19183 | Orc:1    | Bought a scroll of identify for 28 gold pieces
 19183 | Orc:1    | Bought a scroll of revelation for 105 gold pieces
 19183 | Orc:1    | Bought a potion of curing for 42 gold pieces
 19183 | Orc:1    | Bought a scroll of revelation for 105 gold pieces
 19195 | Orc:1    | Found Ileguk's General Store.
 19206 | Orc:1    | Bought a scroll of identify for 22 gold pieces
 19243 | Orc:1    | Reached ****** piety under Hepliaklqana
 19288 | Orc:1    | Noticed Erica
 19298 | Orc:1    | Killed Erica
 19414 | Orc:1    | Noticed Maurice
 19417 | Orc:1    | Killed Maurice
 20302 | D:14     | Found a shimmering blue altar of Sif Muna.
 20387 | D:14     | Reached XP level 16. HP: 100/100 MP: 17/17
 20620 | D:14     | Found a portal to a secret trove of treasure.
 20726 | D:14     | Found a glowing golden altar of the Shining One.
 20792 | D:14     | Found Paoclanke's Antique Weapon Boutique.
 20914 | D:14     | Found a gate to the Vaults.
 21049 | D:15     | Entered Level 15 of the Dungeon
 21750 | D:15     | Found a staircase to the Depths.
 21798 | D:15     | Found a radiant altar of Vehumet.
 21802 | D:15     | Reached skill level 1 in Invocations
 21802 | D:15     | Reached skill level 1 in Evocations
 22259 | Shoals:1 | Entered Level 1 of the Shoals
 22442 | Shoals:1 | Reached skill level 5 in Armour
 23225 | Shoals:2 | Reached XP level 17. HP: 107/107 MP: 20/20
 24113 | Shoals:3 | Noticed Polyphemus
 24211 | Shoals:3 | Noticed Bai Suzhen
 24223 | Shoals:3 | Killed Bai Suzhen
 24228 | Shoals:3 | Noticed Mlioglotl
 24235 | Shoals:3 | Killed Mlioglotl
 24236 | Shoals:3 | Reached skill level 5 in Evocations
 24241 | Shoals:3 | Found a runed translucent gate.
 24241 | Shoals:3 | Found a runed translucent gate.
 24241 | Shoals:3 | Found a runed translucent gate.
 24241 | Shoals:3 | Noticed Lianjan's ghost (adept MiGl)
 24241 | Shoals:3 | Identified the +0 kite shield of Too Many Cooks {Harm Will-
                  | rCorr}
 24241 | Shoals:3 | Noticed Donald
 24242 | Shoals:3 | Noticed royokou's ghost (adept GrEE)
 24249 | Shoals:3 | Killed Donald
 24250 | Shoals:3 | Noticed Mara
 24262 | Shoals:3 | Killed Mara
 24386 | Shoals:3 | Reached skill level 5 in Invocations
 24452 | Shoals:3 | Identified the serpent talisman "Reowa" {rF++ rN+}
 24452 | Shoals:3 | Noticed Aizul
 24468 | Shoals:3 | Killed Aizul
 24484 | Shoals:3 | Identified the +0 plate armour "Pimn" {Dex+6}
 24606 | Shoals:3 | Noticed a kraken
 24616 | Shoals:3 | Killed a kraken
 25005 | Shoals:4 | Entered Level 4 of the Shoals
 25257 | Shoals:4 | Reached XP level 18. HP: 113/113 MP: 23/23
 25878 | Shoals:4 | Got a barnacled rune of Zot
 26016 | Shoals:4 | Got the Lessons on Talus and Refrigeration
 26601 | Shoals:3 | Killed Polyphemus
 26758 | Spider:1 | Entered Level 1 of the Spider Nest
 27492 | Spider:1 | Identified the +7 spear of Uqyemoits {freeze, Int+3}
 27734 | Spider:2 | Found a glacial archway.
 27785 | IceCv    | Entered an ice cave
 28029 | IceCv    | Reached skill level 10 in Armour
 28280 | IceCv    | Noticed an Ice Fiend
 28333 | IceCv    | Killed an Ice Fiend
 28696 | IceCv    | Got the Discourse on Puissant Aeromancy
 29080 | Spider:2 | Reached XP level 19. HP: 119/119 MP: 25/25
 30304 | Spider:4 | Entered Level 4 of the Spider Nest
 31760 | Spider:4 | Noticed Nikola
 31768 | Spider:4 | Killed Nikola
 31824 | Spider:4 | Identified the +1 hat of the New World {Dex+3 Slay+3}
 31837 | Spider:4 | Identified the +3 barding of Untold Secrets {Str+3 Dex-5
                  | Slay+6}
 31839 | Spider:4 | Got a gossamer rune of Zot
 32249 | Vaults:1 | Entered Level 1 of the Vaults
 32346 | Vaults:1 | Paralysed by a sphinx for 5 turns
 32613 | Vaults:1 | Reached XP level 20. HP: 126/126 MP: 26/26
 33535 | Vaults:1 | Found a shimmering blue altar of Sif Muna.
 33539 | Vaults:1 | Got the Omnibus of Indurated Accomplices
 33970 | Vaults:1 | Found a runed translucent gate.
 33970 | Vaults:1 | Found a runed translucent gate.
 33970 | Vaults:1 | Found a runed translucent gate.
 34156 | Abyss:2  | Cast into level 2 of the Abyss (a deep elf demonologist)
 34402 | Abyss:3  | Found a corrupted altar of Lugonu.
 34453 | Abyss:4  | Found a corrupted altar of Lugonu.
 34497 | Vaults:2 | Escaped the Abyss
 34673 | Vaults:2 | Found Kuaqotac's General Store.
 34679 | Vaults:2 | Bought a potion of curing for 42 gold pieces
 34679 | Vaults:2 | Bought a scroll of fear for 56 gold pieces
 34679 | Vaults:2 | Bought a potion of magic for 112 gold pieces
 34679 | Vaults:2 | Bought a potion of berserk rage for 70 gold pieces
 34994 | Vaults:2 | Noticed a hellephant
 34995 | Vaults:2 | Noticed Margery
 35402 | Vaults:2 | Identified the +1 ring mail "Bulon" {+Inv}
 35623 | Vaults:2 | Found Jusinnum's Book Shop.
 35627 | Vaults:2 | Found Runus's Distillery.
 35640 | Vaults:2 | Bought a potion of mutation for 104 gold pieces
 35640 | Vaults:2 | Bought a potion of invisibility for 104 gold pieces
 35640 | Vaults:2 | Bought a potion of mutation for 104 gold pieces
 35640 | Vaults:2 | Bought a potion of lignification for 39 gold pieces
 35640 | Vaults:2 | Bought a potion of invisibility for 104 gold pieces
 35675 | Vaults:2 | Found a staircase to the Crypt.
 35709 | Vaults:2 | Killed a hellephant
 35719 | Vaults:2 | Killed Margery
 35826 | Vaults:2 | Identified the +3 war axe of Insufficient Pleasure {venom,
                  | *Rage MP-9 Dex+8}
 35913 | Vaults:2 | Found Yruapn's Distillery.
 35923 | Vaults:2 | Bought a potion of haste for 230 gold pieces
 35923 | Vaults:2 | Bought a potion of curing for 69 gold pieces
 35923 | Vaults:2 | Bought a potion of heal wounds for 115 gold pieces
 35923 | Vaults:2 | Bought a potion of curing for 69 gold pieces
 36138 | Vaults:3 | Reached XP level 21. HP: 133/133 MP: 27/27
 37452 | Vaults:4 | Found a flickering gateway to a bazaar.
 37500 | Bazaar   | Entered a bazaar
 37508 | Bazaar   | Found Yhogir's Book Shoppe.
 37517 | Bazaar   | Found Reos's Antique Armour Shop.
 37542 | Bazaar   | Found Yrchex's Assorted Antiques.
 37552 | Bazaar   | Found Tohur's Book Shop.
 37569 | Bazaar   | Bought a scroll of revelation for 172 gold pieces
 37569 | Bazaar   | Bought a potion of resistance for 230 gold pieces
 37611 | Bazaar   | Bought a distressingly furry robe for 79 gold pieces
 37611 | Bazaar   | Identified the +2 robe "Zesu" {Int+5} (You bought it in a
                  | shop in a bazaar)
 37709 | Vaults:4 | Noticed an ancient lich
 37807 | Vaults:4 | Reached skill level 15 in Armour
 38437 | Vaults:4 | Identified the +7 plate armour of the Battered Priests
                  | {+Blink rCorr Int-4 Dex-3}
 38763 | Depths:1 | Entered Level 1 of the Depths
 38763 | Depths:1 | Found a gateway to Hell.
 39290 | Depths:1 | Reached XP level 22. HP: 141/141 MP: 29/29
 39645 | Depths:2 | Found a sparkling altar of Nemelex Xobeh.
 39817 | Depths:2 | Found a one-way gate leading to the halls of Pandemonium.
 39899 | Depths:2 | Found a one-way gateway to a ziggurat.
 40206 | Depths:2 | Found a one-way gate to the infinite horrors of the Abyss.
 40334 | Depths:2 | Found Wuriet's Book Shoppe.
 40334 | Depths:2 | Found Pairch's Jewellery Boutique.
 40335 | Depths:2 | Found Mifiymat's Jewellery Boutique.
 40623 | Depths:3 | Found a transporter.
 40632 | Depths:3 | Found a transporter.
 40636 | Depths:3 | Found a transporter.
 40669 | Depths:3 | Found a transporter.
 41158 | Depths:3 | HP: 5/142 [spriggan air mage/bolt of lightning (36)]
 41680 | Depths:4 | Entered Level 4 of the Depths
 41694 | Depths:4 | Noticed a golden dragon
 41746 | Depths:4 | Killed a golden dragon
 41864 | Depths:4 | Identified the +3 spear "Bulueck" {venom, rN+}
 41882 | Depths:4 | Noticed a juggernaut
 41888 | Depths:4 | Killed a juggernaut
 42074 | Depths:4 | Found a gate to the Realm of Zot.
 42124 | Depths:4 | Found an opulent altar of Gozag.
 42505 | Depths:4 | Found a blossoming altar of Fedhas.
 42671 | Depths:4 | Noticed Parghit
 42689 | Depths:4 | Killed Parghit
 43081 | Slime:1  | Entered Level 1 of the Pits of Slime
 43100 | Slime:1  | Reached XP level 23. HP: 148/148 MP: 30/30
 43471 | Slime:2  | You are sucked into a shaft and drop 2 floors!
 43471 | Slime:4  | Noticed Dissolution
 45027 | Slime:4  | Killed Dissolution
 45489 | Slime:5  | Entered Level 5 of the Pits of Slime
 45495 | Slime:5  | Found a viscous altar of Jiyva.
 45825 | Slime:5  | Noticed the Royal Jelly
 46093 | Slime:5  | Killed the Royal Jelly
 46094 | Slime:5  | Reached XP level 24. HP: 146/156 MP: 27/30
 46260 | Slime:5  | Got the Lectures on Execration and the Fjord
 46262 | Slime:5  | Identified the ring "Ulanwy Tocse" {rN+ Int+3}
 46279 | Slime:5  | Identified the +0 ring mail "Ocsumeck" {rN+ Stlth+}
 46311 | Slime:5  | Identified the +1 long sword of the Feeding Gods {heavy,
                  | rElec rC- Will+}
 46319 | Slime:5  | Identified the +8 battleaxe of Eternal Harmony {speed,
                  | ^Drain rPois rF++ Will+}
 46321 | Slime:5  | Identified the +1 dagger of Hell's Wrath {heavy, *Corrode
                  | Will++ Int+4}
 46355 | Slime:5  | Identified the +3 war axe "Atymuc" {drain, Int+2}
 46398 | Slime:5  | Identified the +7 quarterstaff "Ithryzaf" {pain, rCorr}
 46401 | Slime:5  | Got a slimy rune of Zot
 46766 | Shoals:3 | Killed Lianjan's ghost
 46777 | Shoals:3 | Killed royokou's ghost
 46999 | Elf:1    | Entered Level 1 of the Elven Halls
 47172 | Elf:1    | Found Pintirupn's Assorted Antiques.
 47186 | Elf:1    | Bought a scroll of revelation for 187 gold pieces
 47186 | Elf:1    | Bought a potion of heal wounds for 125 gold pieces
 47186 | Elf:1    | Bought a scroll of fear for 100 gold pieces
 47414 | Elf:1    | Got the Notes on Conflict and the Escort
 47446 | Elf:1    | Found an ancient bone altar of Kikubaaqudgha.
 47648 | Elf:1    | Noticed Agnes
 47653 | Elf:1    | Killed Agnes
 47777 | Elf:1    | Noticed Asterion
 47788 | Elf:1    | Killed Asterion
 48299 | Elf:2    | Found a runed translucent gate.
 48299 | Elf:2    | Found a runed translucent gate.
 48299 | Elf:2    | Found a runed translucent gate.
 48737 | Elf:2    | Reached skill level 27 in Dodging
 49282 | D:14     | You paid a toll of a +6 demon trident to enter a treasure
                  | trove
 49283 | Trove    | Entered a treasure trove
 49569 | Elf:3    | Entered Level 3 of the Elven Halls
 50585 | Elf:3    | Identified the +9 great mace of the Gnashing Gods {freeze,
                  | Dex+2}
 50879 | Elf:3    | Got the Papyrus of Subzero Gases
 51009 | Elf:3    | Got the Anthology of Ashes and the Swarm
 51025 | Elf:3    | Got Sif Muna's Catalogue of Firn and the Wind
 51042 | Elf:3    | Got Ymawuag's Octavo of Igneous Blasting
 51057 | Elf:3    | Identified the +4 ring mail "Epsaff" {Dex+2}
 51687 | Vaults:5 | Entered Level 5 of the Vaults
 51699 | Vaults:4 | Reached XP level 25. HP: 156/163 MP: 31/31
 51899 | Vaults:5 | Reached skill level 10 in Invocations
 52069 | Vaults:5 | Reached XP level 26. HP: 171/171 MP: 31/31
 52309 | Vaults:5 | Identified the +5 battleaxe "Eteu" {antimagic, rF- Will-
                  | Str+3 Int+4}
 52357 | Vaults:5 | Identified the ring of Eturaid {rElec MP+9 Str-5 Int+4}
 52365 | Vaults:5 | Identified the +2 halberd "Widowermaker" {vamp, rCorr
                  | Int+2}
 52365 | Vaults:5 | Identified the ring of Qamnaefa {Fire ^Drain Str+5 Slay+4}
 52368 | Vaults:5 | Identified the ring "Moytux" {Ice *Slow Will- Str+8 Stlth+}
 52380 | Vaults:5 | Identified the +5 shortbow of Bile {antimagic, rF- Int+4}
 52490 | Vaults:5 | Got Featenuda's Codex of the Caustic Serac
 52492 | Vaults:5 | Got a silver rune of Zot
 52520 | Vaults:5 | Identified the +0 ring mail of Ignis's Envy {rN+ rCorr
                  | Stlth+}
 52730 | Vaults:5 | Identified the +10 plate armour of the Clam {Int+5 Dex-5}
 52827 | Vaults:5 | Identified the ring of Qimeut {rElec rF+ rN+ MP+9 Int-2}
 53236 | Vaults:5 | Identified the +11 trident "Uzoklauh" {drain, Int+3}
 53285 | Vaults:5 | Found the +5 moon troll leather armour {Spirit, Regen++
                  | MP+5}
 53537 | Vaults:1 | Found a glowing golden altar of the Shining One.
 53814 | Depths:2 | Voluntarily entered the Abyss.
 53879 | Abyss:4  | Reached skill level 27 in Fighting
 53914 | Abyss:4  | Got an abyssal rune of Zot
 53928 | Depths:2 | Escaped the Abyss
 54048 | Zot:1    | Entered Level 1 of the Realm of Zot
 54055 | Zot:1    | Found a large runed translucent door.
 54129 | Zot:1    | Reached XP level 27. HP: 179/179 MP: 32/32
 54384 | Zot:1    | Found a large runed translucent door.
 54387 | Zot:1    | Noticed Mikey69's ghost (legendary DsBe)
 54421 | Zot:1    | Killed Mikey69's ghost
 56121 | Zot:3    | Noticed an orb of fire
 56133 | Zot:3    | Killed an orb of fire
 56485 | Zot:3    | Identified the +6 chain mail "Walewkosm" {rN+ Int+5}
 57292 | Zot:3    | Found the +3 salamander hide armour {Flames, rFlCloud rF++
                  | rC--}
 57408 | Zot:4    | Reached skill level 15 in Invocations
 58696 | Zot:5    | Entered Level 5 of the Realm of Zot
 59079 | Zot:5    | Noticed an orb of fire
 59082 | Zot:5    | Noticed an orb of fire
 59088 | Zot:5    | Killed an orb of fire
 59092 | Zot:5    | Killed an orb of fire
 59277 | Zot:5    | Noticed an ancient lich
 59281 | Zot:5    | Killed an ancient lich
 59281 | Zot:5    | Noticed an orb of fire
 59292 | Zot:5    | Noticed an orb of fire
 59295 | Zot:5    | Gained mutation: You are frail. (-10% HP) [an orb of fire]
 59298 | Zot:5    | Gained mutation: You occasionally lose the ability to read
                  | scrolls when taking damage. [an orb of fire]
 59309 | Zot:5    | Killed an orb of fire
 59313 | Zot:5    | Killed an orb of fire
 59375 | Zot:5    | Lost mutation: You occasionally lose the ability to read
                  | scrolls when taking damage. [potion of mutation]
 59375 | Zot:5    | Lost mutation: You are frail. (-10% HP) [potion of
                  | mutation]
 59375 | Zot:5    | Gained mutation: Your magical capacity is low. (-10% MP)
                  | [potion of mutation]
 59375 | Zot:5    | Gained mutation: You sometimes lose your temper in combat.
                  | [potion of mutation]
 59376 | Zot:5    | Lost mutation: You sometimes lose your temper in combat.
                  | [potion of mutation]
 59376 | Zot:5    | Lost mutation: Your magical capacity is low. (-10% MP)
                  | [potion of mutation]
 59376 | Zot:5    | Gained mutation: Potions are less effective at restoring
                  | your health. [potion of mutation]
 59377 | Zot:5    | Lost mutation: Potions are less effective at restoring your
                  | health. [potion of mutation]
 59377 | Zot:5    | Gained mutation: You expend magic power (3 MP) to
                  | strengthen your wands. [potion of mutation]
 59377 | Zot:5    | Gained mutation: You passively dampen the noise of your
                  | surroundings. [potion of mutation]
 59377 | Zot:5    | Gained mutation: Your muscles are strong. (Str +4, Int/Dex
                  | -1) [potion of mutation]
 59377 | Zot:5    | Gained mutation: Your mind is acute. (Int +4, Str/Dex -1)
                  | [potion of mutation]
 59401 | Zot:5    | Noticed an orb of fire
 59410 | Zot:5    | Killed an orb of fire
 59466 | Zot:5    | Noticed a dread lich
 59473 | Zot:5    | Killed a dread lich
 59524 | Zot:5    | Reached skill level 27 in Ranged Weapons
 59683 | Zot:5    | Got the Orb of Zot
 60218 | D:4      | Noticed Wiackuel the pandemonium lord
 60307 | D:$      | Escaped with the Orb!

Illustrated notes

Levels and vault maps discovered:
D:1:      scummos_arrival_hexagon, layout_loops_ring,
          shapermc_ecumenical_altar_totnotflames, serial_forest,
          infiniplex_forest_lined_2, infiniplex_forest_straight_3,
          infiniplex_forest_straight_1, infiniplex_forest_lined_room_3,
          infiniplex_forest_split, infiniplex_forest_lined_4_way,
          infiniplex_forest_straight_1, infiniplex_forest_clump_large,
          serial_bayou_lagoon_a
D:2:      layout_loops_ring, minmay_snake_closets
D:3:      layout_basic, uniq_robin
D:4:      layout_basic, serial_shops, shop
D:5:      layout_cave_pods, gup_sewer_entry_pipe, serial_shops,
          nicolae_shop_back_alley_shop, uniq_prince_ribbit1, uniq_edmund,
          uniq_grinder
D:6:      layout_loops_ring
D:7:      layout_rooms, kennysheep_okawaru_gauntlet,
          minmay_temple_entry_junction_2, enter_bailey_6, st_stairs_5,
          grunt_ministairs_9
D:8:      layout_basic
D:9:      layout_loops_ring, uniq_pikel
D:10:     layout_basic, chequers_temple_overflow_statue_of_worship,
          minmay_lair_entry_lava, kennysheep_opposing_triangles
D:11:     layout_irregular_city
D:12:     layout_big_octagon, orc_0_dummy, nicolae_the_louvre
D:13:     layout_roguey, serial_glass, glass_columns_a, glass_columns_a
D:14:     layout_roguey, david_vaults_4, serial_shops, shop,
          nicolae_trove_entry_diagonal, small_statue_intersection,
          hangedman_feature_mirror
D:15:     grunt_enter_depths_magical_seal, layout_gridville,
          nicolae_vehumet_altar_sigil, nicolae_benzene_ring, minivault_10,
          dk_noncrumbling_2, kennysheep_pointless_box
Temple:   nicolae_temple_no_exploring_needed
Lair:1:   layout_regular_city
Lair:2:   beast_lair_carwin_large_4, layout_cave_pods,
          nicolae_shoals_entry_roost
Lair:3:   layout_cave_pods, hellmonk_spider_entry_not_the_bees,
          gauntlet_entry_generic, hellmonk_ghost_happy_afterlife
Lair:4:   layout_small_grid, slime_entry_1
Lair:5:   minmay_lair_end_frog_pond, layout_regular_city,
          chequers_serial_rivers_small_a, lemuel_fruit_tree, lemuel_fruit_fields
Shoals:1: layout_shoals
Shoals:2: layout_shoals, nicolae_shoals_shepherds
Shoals:3: layout_shoals, gammafunk_ghost_cemetery, nicolae_shoals_water_booths,
          uniq_donald, uniq_polyphemus, uniq_bai_suzhen, uniq_mara, uniq_aizul,
          uniq_mlioglotl
Shoals:4: shoals_end_grunt_ice, layout_shoals
Spider:1: layout_spider_delve, hangedman_spider_tarantella_strand
Spider:2: layout_spider_delve, portal_ice_cave_entry_ice_simulacra
Spider:3: layout_cave_pods
Spider:4: hellmonk_spider_rune_endless_swarm, uniq_nikola
Slime:1:  layout_caves
Slime:2:  layout_caves, special_room [special_room_jelly]
Slime:3:  layout_caves
Slime:4:  layout_caves, dissolution_awaits
Slime:5:  slime_pit_nicolae_jellycorners
Orc:1:    layout_diamond_mine, serial_shops, nicolae_shop_hallway_stairs, shop,
          shop, uniq_erica, uniq_maurice
Orc:2:    st_orc_town, layout_caves, nooodl_orcs_dogs
Elf:1:    eino_elf_arrival_shootout, layout_gridlike, special_room
          [special_room_mythical_zoo], serial_shops, shop, basic_altar,
          minmay_elf_sorcery, sword_in_stone, uniq_asterion
Elf:2:    elven_hall_of_blades_hangedman_original [nooodl_blade_entry_preview],
          layout_rooms
Elf:3:    elf_hall, layout_onion_city
Vaults:1: v_misc_33, serial_library_hellmonk_narrow_alcove,
          ontoclasm_vaults_bender, abrahamwl_protected_by_tso_1,
          hangedman_vaults_variations, nicolae_vaults_trapezoid_layered,
          nicolae_vaults_tetromino_Z_1, nicolae_vaults_variable_pillar_hall,
          nicolae_vaults_tetromino_T_1, layout_vaults_chaotic_city
Vaults:2: minmay_crypt_entry_simple_round, st_quartered_hall, v_misc_13,
          nicolae_vaults_variable_pillar_hall, nicolae_vaults_more_shelving_1,
          nicolae_vaults_doubleplus_tesselated, nicolae_vaults_border_crossing,
          nicolae_vaults_heart-shaped_vault, ontoclasm_vaults_hangar,
          nicolae_vaults_closet_pinwheel_4, nicolae_vaults_wrenched,
          nicolae_vaults_circle_grid_a, nicolae_vaults_little_squares_4,
          nicolae_vaults_trapezoid_lopsided_3, layout_vaults_maze_bifur,
          serial_shops, shop, nicolae_shop_tiny_glass,
          nicolae_shop_getting_attention, nicolae_shop_stone, uniq_margery
Vaults:3: v_pattern_5, v_misc_17, ontoclasm_vaults_idyll,
          vaults_room_semicircle, vaults_dpeg_emergency_exit,
          ontoclasm_vaults_shuriken, nicolae_vaults_double_plus_1,
          ontoclasm_vaults_gateway, layout_vaults_omnigrid
Vaults:4: nicolae_vaults_little_squares_4, vaults_room_semicircle,
          nicolae_vaults_specimen_jars, nicolae_whirlpool,
          ontoclasm_vaults_fault, v_misc_10, nicolae_vaults_network_barrier,
          nicolae_vaults_layer_cake_slice, nicolae_vaults_apartment_1,
          nicolae_vaults_double_plus_2, hangedman_vaults_capsules,
          layout_vaults_ring, serial_shops, bzr_in_the_mist
Vaults:5: serial_shops
Depths:1: layout_cave_pools, hell_entry, nicolae_twisting_strands,
          kennysheep_inner_square
Depths:2: minmay_distorted_concentric_squares, layout_gridlike,
          enter_ziggurat_f, rand_demon_pan_entry_3,
          nemelex_xobeh_ov_fountains_minmay, minmay_room_of_horrors, hell_entry,
          minmay_shop_grove
Depths:3: minmay_diamond_stairs, layout_basic, pf_hell_entry_tar_river,
          abyss_entry, rand_demon_pan_entry_8, minmay_misc_feat_ornament,
          nicolae_transporter_circle, infiniplex_staircase_zigzag_1
Depths:4: evilmike_zot_entry_diamond, layout_basic, fedhas_altar_3,
          grunt_hell_horde, chequers_jeans,
          nicolae_gozag_cash_rules_everything_around_me, uniq_parghit
Zot:1:    layout_cathedral_of_symmetry, ebering_ghost_disaster_area,
          grunt_megastairs_5
Zot:2:    layout_basic, skrybe_zot_glass_3
Zot:3:    layout_twisted_circle, hangedman_zot_gyre,
          regret_index_zotdec_split_disrupt, st_single_dragon_hoard_2,
          lemuel_golem_globe
Zot:4:    nicolae_moth_party, layout_gridville, regret_index_zotdec_zees
Zot:5:    layout_twisted_circle

Skill      XL: |  1  2  3  4  5  6  7  8  9 10 11 12 13 14 15 16 17 18 19 20 21 22 23 24 25 26 27 |
---------------+----------------------------------------------------------------------------------+-----
Ranged Weapons | 5 6 7 11 12 13 14 15 16 17 19 20 21 22 23 27 | 27.0
Dodging        | 3 4 5 6 7 9 11 13 16 18 19 20 21 22 24 25 26 27 | 27.0
Fighting       | 3 4 11 12 13 14 15 16 17 18 19 20 21 22 23 24 25 26 27 | 27.0
Armour         | 4 5 8 10 12 14 15 17 | 17.4
Invocations    | 3 5 7 8 9 10 11 17 | 17.8
Evocations     | 3 6 7 |  7.5
Stealth        | |  1.0

Action                     |  1- 3 |  4- 6 |  7- 9 | 10-12 | 13-15 | 16-18 | 19-21 | 22-24 | 25-27 || total
---------------------------+-------+-------+-------+-------+-------+-------+-------+-------+-------++-------
  Melee: Longbow           |       |       |       |       |     2 |       |       |     6 |       ||     8
         Kick              |       |       |       |       |       |       |       |     6 |       ||     6
         Peck              |       |       |       |       |       |       |       |     3 |       ||     3
   Fire: Shortbow          |    34 |       |       |       |       |       |       |       |       ||    34
         Sling             |    57 |   218 |   114 |   502 |       |       |       |       |       ||   891
         Longbow           |       |       |       |   303 |   931 |  1163 |  1249 |  1448 |  1427 ||  6521
 Invoke: Recall Ancestor   |       |       |       |     3 |     4 |     4 |    12 |     5 |     8 ||    36
         Ancestor Identity |       |       |       |     1 |       |       |       |       |       ||     1
         Ancestor Life: Kn |       |       |       |     1 |       |       |       |       |       ||     1
         Idealise          |       |       |       |       |       |       |     3 |     8 |    13 ||    24
  Evoke: Wand              |       |       |       |       |     1 |       |       |       |       ||     1
         Sack of spiders   |       |       |       |       |       |       |       |     2 |       ||     2
         Phantom mirror    |       |       |       |       |       |       |       |     1 |       ||     1
    Use: Scroll            |       |     8 |     2 |    13 |    14 |     6 |     6 |    14 |    12 ||    75
         Potion            |       |     3 |     3 |       |       |     1 |     5 |    22 |    11 ||    45
 Armour: Leather armour    |    11 |    55 |    13 |    84 |       |       |       |       |       ||   163
         Troll leather arm |       |       |       |     4 |    46 |    73 |    93 |   148 |   166 ||   530
         Ring mail         |       |       |       |       |       |     1 |       |       |       ||     1
  Dodge: Dodged            |    19 |    81 |    25 |   245 |   242 |   305 |   511 |   807 |   665 ||  2900
  Block: Other             |       |       |       |       |    40 |    49 |    75 |    70 |    65 ||   299
         Reflection        |       |       |       |       |       |     8 |    11 |     3 |     4 ||    26
